 Dungeon Crawl Stone Soup version 0.28-a0-1555-g9ae15a6949 (webtiles) character file.

Game seed: 7994704844082467474

175 issech the Ducker (level 5, -3/53 HPs)
             Began as a Troll Fighter on Jan 19, 2022.
             Was an Initiate of Gozag.
             Slain by Grinder (4 damage)
             ... while paralysed by Grinder
             ... on level 3 of the Dungeon.
             The game lasted 00:09:52 (2114 turns).

issech the Ducker (Troll Fighter)                   Turns: 2114, Time: 00:09:53

Health: -3/53      AC:  5    Str: 24    XL:     5   Next: 29%
Magic:  4/4        EV:  1    Int:  4    God:    Gozag
Gold:   200        SH:  0    Dex: 11    Spells: 4/4 levels left

rFire   . . .      SeeInvis .   a - +0 flail
rCold   . . .      Faith    .   c - +0 kite shield
rNeg    . . .      Spirit   .   b - +0 robe
rPois   .          Reflect  .   (helmet restricted)
rElec   .          Harm     .   s - +0 cloak
rCorr   .          Rampage  .   (gloves unavailable)
Will    .....                   (boots unavailable)
Stlth   +.........              (no amulet)
HPRegen 0.97/turn               i - ring of wizardry
MPRegen 0.09/turn               (no ring)

@: paralysed
A: large, unfitting armour, claws 3, regeneration 1, shaggy fur 1, tough skin 1
a: Renounce Religion, Potion Petition, Call Merchant, Bribe Branch


You were on level 3 of the Dungeon.
You worshipped Gozag.
Gozag was aware of your devotion.
You visited 1 branch of the dungeon, and saw 4 of its levels.

You collected 273 gold pieces.
You paid 73 gold pieces to Gozag.

Inventory:

Hand Weapons
 a - a +0 flail (weapon)
Missiles
 e - 13 stones (quivered)
 k - 29 bolts
 l - 28 sling bullets
 n - 6 curare-tipped darts
Armour
 b - a +0 robe (worn)
 c - a +0 kite shield (worn)
 s - a +0 cloak (worn)
Jewellery
 i - a ring of wizardry (left claw)
Scrolls
 f - a scroll of noise {unknown}
 g - a scroll of fog {unknown}
 j - 5 scrolls of identify {unknown}
 o - a scroll of blinking {unknown}
 p - a scroll of enchant weapon {unknown}
 r - a scroll of torment {unknown}
Potions
 d - a potion of might
 h - a potion of lignification {unknown}
 m - a potion of degeneration {unknown}
 q - 2 potions of heal wounds {unknown}


   Skills:
 + Level 3.0 Fighting
 + Level 3.1 Maces & Flails
 + Level 3.3 Dodging
 + Level 0.3 Stealth
 + Level 3.1 Shields


You had 4 spell levels left.
You didn't know any spells.
Your spell library contained the following spells:

 Spells                   Type           Power      Damage    Failure   Level
 Gell's Gravitas          Tloc           0%         N/A       82%         3
 Teleport Other           Tloc           0%         N/A       82%         3
 Dispersal                Tloc           0%         N/A       100%        6


Dungeon Overview and Level Annotations

Branches:
Dungeon (4/15)
 Temple: D:4-7

Altars:
Gozag

Annotations:
D:3 Grinder


Innate Abilities, Weirdness & Mutations

You are too large for most types of armour.
You have claws for hands.
Your natural rate of healing is unusually fast.
You are covered in fur. (AC +1)
You have tough skin. (AC +1)


Message History

Grinder is moderately wounded.
Grinder hits you but does no damage. The kobold hits you but does no damage.
You closely miss Grinder.
Grinder is moderately wounded.
You block Grinder's attack. The kobold hits you but does no damage.
You thump Grinder!
Grinder is heavily wounded.
Grinder closely misses you. The kobold closely misses you.
Grinder barely misses you. The kobold closely misses you. Grinder hits you.
You writhe in agony.
There is a stone staircase leading up here.
Grinder misses you.
The kobold hits you with a +0 short sword.
You climb upwards.
There is a stone staircase leading down here.
You hit Grinder but do no damage.
Grinder is heavily wounded.
Grinder hits you!
You writhe in agony.
You closely miss Grinder.
Grinder is heavily wounded.
You block Grinder's attack.
You barely miss Grinder.
Grinder is heavily wounded.
Grinder gestures at you.
You suddenly lose the ability to move!
Grinder hits you!
* * * LOW HITPOINT WARNING * * *
You writhe in agony.
* * * LOW HITPOINT WARNING * * *
Grinder hits you.
* * * LOW HITPOINT WARNING * * *
You writhe in agony.
* * * LOW HITPOINT WARNING * * *
Grinder hits you but does no damage. Grinder gestures at you.
You shrug off the repeated paralysis!
Grinder hits you.
* * * LOW HITPOINT WARNING * * *
You writhe in agony.
You die...
Your body crumbles into a pile of gold.

.....#...........#
..######.).......#
..######.........###########
.................##........#
...###...........##........#
####...#...................#
.....###.........#.........#
###### #.........##........#
#........@##........#
##......5###........#
##.....## #........# #######
#........# ##########


You could see Grinder.

Vanquished Creatures
  The ghost of AigisTheKnight the Grasshopper, a weakling NaWr (D:2)
  5 adders
  2 worms
  A dart slug (D:1)
  5 bats
  9 endoplasms
  2 giant cockroaches
  8 hobgoblins
  8 jackals
  4 kobolds
  2 quokkas
  6 ball pythons
  3 frilled lizards
  10 goblins
  6 rats
72 creatures vanquished.

Vanquished Creatures (others)
  3 plants (D:1)
3 creatures vanquished.

Grand Total: 75 creatures vanquished

Notes
Turn   | Place    | Note
-------+----------+-------------------------------------------
     0 | D:1      | issech the Troll Fighter began the quest for the Orb.
     0 | D:1      | Reached XP level 1. HP: 22/22 MP: 0/0
   163 | D:1      | Reached XP level 2. HP: 29/29 MP: 1/1
   835 | D:2      | Reached XP level 3. HP: 36/36 MP: 2/2
  1439 | D:3      | Reached XP level 4. HP: 36/44 MP: 3/3
  1641 | D:3      | Found a runed translucent gate.
  1641 | D:3      | Found a runed translucent gate.
  1641 | D:3      | Found a runed translucent gate.
  1645 | D:3      | Found an opulent altar of Gozag.
  1724 | D:3      | Noticed AigisTheKnight's ghost (weakling NaWr)
  1887 | D:2      | Killed AigisTheKnight's ghost
  1888 | D:2      | Reached XP level 5. HP: 22/53 MP: 4/4
  1984 | D:3      | Became a worshipper of Gozag Ym Sagoz the Greedy
  2061 | D:4      | Noticed Grinder
  2068 | D:4      | Paralysed by Grinder for 2 turns
  2093 | D:4      | Paralysed by Grinder for 3 turns
  2110 | D:3      | Paralysed by Grinder for 5 turns
  2114 | D:3      | HP: 1/53 [Grinder (6)]
  2114 | D:3      | Slain by Grinder

Illustrated notes

Levels and vault maps discovered:
D:1:      eino_arrival_water_cross, layout_rooms, minmay_misc_feat_five,
          chequers_serial_rivers_small_3
D:2:      layout_loops_ring
D:3:      layout_rooms, ebering_ghost_gozag
D:4:      layout_cave_pools, hex_large, minmay_small_thing, uniq_robin,
          uniq_grinder

Skill      XL: |  1  2  3  4 |
---------------+-------------+-----
Maces & Flails | 2 3 |  3.1
Dodging        | 3 |  3.3
Fighting       | 3 |  3.0
Shields        | 3 |  3.1
Stealth        | |  0.3

Action                   |  1- 3 |  4- 6 || total
-------------------------+-------+-------++-------
Melee: Flail             |   147 |   107 ||   254
 Stab: Sleeping          |       |     3 ||     3
Armor: Robe              |    62 |    58 ||   120
Dodge: Dodged            |    77 |    68 ||   145
Block: Kite shield       |    54 |    68 ||   122

Table legend: (Time is in decaauts)
 A = Elapsed time spent in this place.
 B = Non-inter-level travel time spent in this place.
 C = Inter-level travel time spent in this place.
 D = Time resting spent in this place.
 E = Time spent auto-exploring this place.
 F = Levels seen in this place.
 G = Mean time per level.
                   A        B        C        D        E       F      G
               +--------+--------+--------+--------+--------+-----+--------+
         Total |   2228 |   2131 |     97 |     28 |    872 |   4 |  557.0 |
       Dungeon |   2228 |   2131 |     97 |     28 |    872 |   4 |  557.0 |
               +--------+--------+--------+--------+--------+-----+--------+

Top non-repeatable levels by time:
     D:1: 780 daAuts
     D:2: 712 daAuts
     D:3: 673 daAuts
     D:4: 63 daAuts
